 Dungeon Sprint DCSS version 0.26.1-11-gd32895ea62 (webtiles) character file.

Game seed: 11517886199084855719

25 Zeld the Digger (level 3, 0/19 HPs)
             Began as a Gargoyle Earth Elementalist on June 6, 2021.
             Slain by a yak (5 damage)
             ... in the Dungeon (Sprint I: "Red Sonja").
             The game lasted 00:00:36 (335 turns).

Zeld the Digger (Gargoyle Earth Elementalist)        Turns: 335, Time: 00:00:37

Health: 0/19       AC:  5    Str: 11    XL:     3   Next: 4%
Magic:  0/7        EV: 12    Int: 16    God:
Gold:   54         SH:  0    Dex: 10    Spells: 2/8 levels left

rFire    . . .     SeeInvis .   (no weapon)
rCold    . . .     Faith    .   (no shield)
rNeg     + . .     Spirit   .   c - +0 robe
rPois    ∞         Reflect  .   (no helmet)
rElec    +         Harm     .   (no cloak)
rCorr    .         Rampage  .   (no gloves)
Will     .....     NoTele   +   (no boots)
Stlth    ++........             (no amulet)
HPRegen  0.06/turn              (no ring)
MPRegen  0.10/turn              (no ring)

@: very slightly contaminated
A: negative energy resistance 1, electricity resistance, unbreathing,
petrification resistance, miasma immunity, AC +3
a: no special abilities


You were in the Dungeon.
You visited 1 branch You collected 54 gold pieces.

Inventory:

Missiles
 b - 28 stones
Armour
 c - a +0 robe (worn)
Wands
 a - a wand of polymorph (4)
Scrolls
 i - a scroll of blinking
Potions
 d - a potion of curing
 e - a potion of heal wounds
 f - a potion of haste
 g - 2 potions of magic


   Skills:
 + Level 2.8 Dodging
 - Level 2.1 Stealth
 + Level 3.2 Spellcasting
 - Level 0.7 Transmutations
 * Level 6.1 Earth Magic


You had 2 spell levels left.
You knew the following spells:

 Your Spells              Type           Power        Failure   Level
a - Sandblast             Erth           44%          1%          1
b - Passwall              Tmut/Erth      10%          7%          2
c - Stone Arrow           Conj/Erth      24%          16%         3

Your spell library contained the following spells:

 Spells                   Type           Power        Failure   Level
 Lee's Rapid Deconstruct  Erth           11%          38%         5
 Petrify                  Tmut/Erth      13%          41%         4


Dungeon Overview and Level Annotations

Branches:
Dungeon (1/1)

Altars:
Cheibriados
Dithmenos
Elyvilon
Fedhas
Gozag
Hepliaklqana
Kikubaaqudgha
Nemelex Xobeh
Okawaru
Qazlal
Ru
Trog
Uskayaw
Yredelemnul
Zin
The Shining One

Shops:
D !


Innate Abilities, Weirdness & Mutations

You are resistant to torment.
Your stone body is resilient. (AC +3)
You are immune to poison.
You resist negative energy. (rN+)
You are resistant to electric shocks. (rElec)
You can survive without breathing.
You are immune to petrification.
You are immune to miasma.


Message History

Ouch! That really hurt!
Unknown command.
Press < or > to pray at altars.
Unknown command.
Press < or > to pray at altars.
Unknown command.
Press < or > to pray at altars.
Unknown command.
Press < or > to pray at altars.
The yak gores you.
There is a sacrificial altar of Ru here.
The yak closely misses you.
There is a snail-covered altar of Cheibriados here.
There is an opulent altar of Gozag here.
There is a hazy altar of Hepliaklqana here.
The yak gores you.
* * * LOW HITPOINT WARNING * * *
There is a bloodstained altar of Trog here.
The yak gores you.
You die...

#######
#<.#..+
#..)..#
#..####
#..####
#..#__####
#..#_____##
#⌠⌠#_@Y...+
####_..__##
#..#_____#
##########


You could see a yak.

Vanquished Creatures
  Ijyb (D)
1 creature vanquished.

Notes
Turn   | Place    | Note
-------+----------+-------------------------------------------
     0 | D        | Zeld the Gargoyle Earth Elementalist began the quest for
                  | the Orb.
     0 | D        | Reached XP level 1. HP: 10/10 MP: 3/3
     3 | D        | Noticed Ijyb
    15 | D        | Killed Ijyb
    16 | D        | Reached skill level 6 in Earth Magic
    16 | D        | Reached XP level 2. HP: 15/15 MP: 0/6
    16 | D        | Reached XP level 3. HP: 19/19 MP: 0/7
   154 | D        | Learned a level 2 spell: Passwall
   158 | D        | Learned a level 3 spell: Stone Arrow
   324 | D        | Found an ancient bone altar of Kikubaaqudgha.
   324 | D        | Found Buaghuog's Distillery.
   324 | D        | Found a basalt altar of Yredelemnul.
   324 | D        | Found a glowing golden altar of the Shining One.
   324 | D        | Found an iron altar of Okawaru.
   324 | D        | Found a bloodstained altar of Trog.
   324 | D        | Found a hide-covered altar of Uskayaw.
   324 | D        | Found a blossoming altar of Fedhas.
   324 | D        | Found a hazy altar of Hepliaklqana.
   324 | D        | Found a stormy altar of Qazlal.
   324 | D        | Found a shadowy altar of Dithmenos.
   324 | D        | Found a white marble altar of Elyvilon.
   324 | D        | Found a sacrificial altar of Ru.
   324 | D        | Found a glowing silver altar of Zin.
   324 | D        | Found a snail-covered altar of Cheibriados.
   324 | D        | Found an opulent altar of Gozag.
   324 | D        | Found a sparkling altar of Nemelex Xobeh.
   324 | D        | Noticed a yak
   335 | D        | Slain by a yak

Illustrated notes

Levels and vault maps discovered:
D:        dungeon_sprint_1 [red_sonja_temple_1, red_sonja_temple_small_1]

Skill      XL: |  1 |
---------------+----+-----
Dodging        | 2 |  2.8
Spellcasting   | 3 |  3.2
Earth Magic    | 6 |  6.1
Stealth        | |  2.1
Transmutations | |  0.7

Action                   || total
-------------------------++-------
Melee: Unarmed           ||     7
 Cast: Sandblast         ||     2
       Passwall          ||     3
  Use: Potion            ||     1
Armor: Robe              ||     1
       Skin              ||     1
Dodge: Dodged            ||     1
